 Dungeon Crawl Stone Soup version 0.29.1-4-g47bece8355 (webtiles) character file.

Game seed: 103574966630139095

3413 ChadusMaximus the Summoner (level 9, -18/45 HPs)
             Began as a Deep Elf Summoner on Dec 5, 2022.
             Was an Initiate of Yredelemnul.
             Demolished by an orc warlord
             ... wielding a +5 battleaxe
              (39 damage)
             ... in a bailey.
             The game lasted 00:22:58 (9581 turns).

ChadusMaximus the Summoner (Deep Elf Summoner)      Turns: 9581, Time: 00:22:58

Health: -18/45     AC:  7    Str:  5    XL:     9   Next: 76%
Magic:  0/25       EV: 13    Int: 25    God:    Yredelemnul [......]
Gold:   484        SH:  0    Dex: 15    Spells: 11/29 levels left

rFire   . . .      SeeInvis .   N - +3 quarterstaff (chaos)
rCold   + . .      Faith    .   (shield currently unavailable)
rNeg    . . .      Spirit   +   E - +1 robe {rC+}
rPois   .          Reflect  .   (no helmet)
rElec   .          Harm     .   O - +0 cloak
rCorr   .          Rampage  .   (no gloves)
Will    .....                   v - +2 pair of boots
Stlth   ++........              t - amulet of guardian spirit
HPRegen 0.15/turn               (no ring)
MPRegen 0.19/turn               (no ring)

@: no status effects
A: no striking features
a: Renounce Religion, Recall Undead Harvest


You were in a bailey.
You worshipped Yredelemnul.
Yredelemnul was noncommittal.
You visited 2 branches of the dungeon, and saw 8 of its levels.
You also visited: Bailey.

You collected 484 gold pieces.

Inventory:

Hand Weapons
 g - a +0 shortbow
 j - a +0 short sword
 m - a +0 war axe
 n - a +0 trident
 N - a +3 quarterstaff of chaos (weapon)
Missiles
 A - 71 stones
 J - a throwing net
Armour
 i - a +0 kite shield
 v - a +2 pair of boots (worn)
 E - a +1 robe of cold resistance (worn)
 O - a +0 cloak (worn)
Magical Staves
 y - a staff of earth
Jewellery
 k - an amulet of faith
 t - an amulet of guardian spirit (around neck)
 z - a +4 ring of protection
 F - a +4 ring of protection
Wands
 a - a wand of digging (5)
 l - a wand of roots (26)
 u - a wand of flame (17)
 B - a wand of charming (15)
 K - a wand of polymorph (13)
 M - a wand of quicksilver (8)
Scrolls
 c - 3 scrolls of fog {unknown}
 d - 5 scrolls of teleportation
 p - 2 scrolls of magic mapping {unknown}
 q - a scroll of enchant armour {unknown}
 r - 2 scrolls of immolation
 w - 2 scrolls of fear {unknown}
 x - a scroll of brand weapon {unknown}
 D - a scroll of silence
 L - a scroll of enchant weapon {unknown}
 P - a scroll of torment {unknown}
Potions
 b - 4 potions of magic
 e - a potion of attraction
 f - 3 potions of ambrosia
 h - a potion of flight
 o - 2 potions of mutation {unknown}
 s - a potion of might
 C - a potion of haste
 H - a potion of curing {unknown}
 I - a potion of resistance {unknown}
 Q - a potion of cancellation {unknown}
 R - a potion of experience
Miscellaneous
 S - a phial of floods


   Skills:
 + Level 4.2 Dodging
 - Level 2.7 Stealth
 + Level 10.7 Spellcasting
 * Level 12.8 Summonings


You had 11 spell levels left.
You knew the following spells:

 Your Spells              Type           Power      Damage    Failure   Level
a - Summon Small Mammal   Summ           100%       N/A       1%          1
b - Call Canine Familiar  Summ           67%        N/A       1%          3
c - Call Imp              Summ           67%        N/A       1%          2
d - Summon Lightning Spi  Summ/Air       45%        N/A       3%          4
e - Summon Guardian Gole  Hex/Summ       45%        N/A       1%          3
f - Swiftness             Air            13%        N/A       14%         3
g - Passwall              Tmut/Erth      10%        N/A       7%          2

Your spell library contained the following spells:

 Spells                   Type           Power      Damage    Failure   Level
 Ensorcelled Hibernation  Hex/Ice        26%        N/A       7%          2
 Portal Projectile        Hex/Tloc       26%        N/A       14%         3
 Leda's Liquefaction      Hex/Erth       6%         N/A       41%         4


Dungeon Overview and Level Annotations

Branches:
Dungeon (7/15)             Temple (1/1) D:4          Bailey (1/1)

Altars:
Dithmenos
Elyvilon
Gozag
Makhleb
Okawaru
Ru
Trog
Vehumet
Wu Jian
Xom
Yredelemnul
Zin
The Shining One

Shops:
D:1 ?   D:7 =

Annotations:
D:3 2 transporters, ymhsbmbesitwf's ghost, amateur MfGl


Message History

The orc warlord hits your quokka with a +5 battleaxe!
Your quokka dies!
Your quokka's corpse disappears in a puff of smoke!
The orc warlord hits your lightning spire with a +5 battleaxe.
The orc warlord hits your wolf with a +5 battleaxe!
The orc warlord completely misses your quokka.
Your wolf bites the orc warlord but does no damage.
Your lightning spire shoots out a bolt of lightning at the orc warlord!
The bolt of electricity hits the orc warlord!
You swap places.
The orc warlord hits your gnoll zombie with a +5 battleaxe!!
Your gnoll zombie is destroyed!
The orc warlord hits your orc warrior zombie with a +5 battleaxe!
The orc warlord hits your quokka with a +5 battleaxe!
Your quokka dies!
Your quokka's corpse disappears in a puff of smoke!
The orc warlord hits your wolf with a +5 battleaxe!!
Your wolf dies!
Your wolf's corpse disappears in a puff of smoke!
Your orc warrior zombie barely misses the orc warlord.
Your lightning spire shoots out a bolt of lightning at the orc warlord!
The bolt of electricity hits your crimson imp!
Your crimson imp dies!
Your crimson imp disappears in a puff of smoke!
The bolt of electricity hits the orc warlord but does no damage.
Your orc warrior zombie hits the orc warlord but does no damage.
Your lightning spire shoots out a bolt of lightning at the orc warlord!
The bolt of electricity hits the orc warlord!
Your orc warrior zombie hits the orc warlord but does no damage.
There is an open door here.
Casting: Call Imp (safe; 1% risk of failure)
Confirm with . or Enter, or press ? or * to list all spells.
The orc warlord attacks as you move away!
The orc warlord hits you with a +5 battleaxe!!
* * * LOW HITPOINT WARNING * * *
You feel much better.
The orc warlord hits you with a +5 battleaxe!!!
Ouch! That really hurt!
You die...
Your body rises from the dead as a mindless zombie.

### ### ###.### ###.###
###.....### ###.....###
##.........###.........##
#..........h#...........#
#..........@o.Z.........#
#.....⌠).)..#.....⌠8.)..#
#...........#.......)...#
#..)........#...........#
###.........###......)).###
###.#)#.....###.###.....#)#.###
###.....###.###.....###.###))...#
#.........###.........###..).....
..........8##..........#.........


You could see an orc warlord (ally target), a friendly warg (summoned) and a
friendly orc warrior zombie.

Vanquished Creatures
  An ogre (D:6)
  A centaur (D:5)
  A bullfrog (D:7)
  A jelly (D:7)
  A hound (D:3)
  An orc wizard (D:4)
  An iguana (D:6)
  A gnoll (D:6)
  A worm (D:2)
  2 dart slugs (D:4)
  6 orcs
  A ball python (D:2)
  2 bats
  3 endoplasms
  A giant cockroach (D:4)
  3 hobgoblins
  6 kobolds
  2 quokkas
  A goblin (D:4)
  2 rats
38 creatures vanquished.

Vanquished Creatures (collateral kills)
  An orc knight (Bailey)
  3 yaks (D:7)
  A steam dragon (D:6)
  Menkaure (D:4)
  A water moccasin (D:6)
  Duvessa (D:5)
  6 orc warriors (Bailey)
  An ice beast (D:7)
  A sky beast (D:7)
  A phantom (D:4)
  4 scorpions
  Dowan (D:5)
  A hound (D:6)
  Ijyb (D:5)
  Terence (D:3)
  Crazy Yiuf (D:6)
  4 iguanas
  4 orc wizards
  12 gnolls
  5 adders
  A white imp (D:6)
  A worm (D:4)
  A dart slug (D:2)
  30 orcs
  5 bats
  4 endoplasms
  2 giant cockroaches
  7 hobgoblins
  3 quokkas
  3 ball pythons
  17 goblins
  A kobold (D:2)
  3 rats (D:1)
129 creatures vanquished.

Vanquished Creatures (others)
  A centaur zombie (D:5)
  An iguana zombie (D:6)
  An adder zombie (D:6)
  3 gnoll zombies (Bailey)
  6 goblin zombies (Bailey)
  2 hobgoblin zombies (Bailey)
  11 orc zombies
  5 fungi (D:4)
  8 plants
38 creatures vanquished.

Grand Total: 205 creatures vanquished

Notes
Turn   | Place    | Note
-------+----------+-------------------------------------------
     0 | D:1      | ChadusMaximus the Deep Elf Summoner began the quest for the
                  | Orb.
     0 | D:1      | Reached XP level 1. HP: 10/10 MP: 6/6
   448 | D:1      | Found a faded altar of an unknown god.
   540 | D:1      | Found Hothruode's Magic Scroll Shoppe.
   603 | D:1      | Reached XP level 2. HP: 6/15 MP: 8/8
  1504 | D:2      | Found a glowing golden altar of the Shining One.
  1811 | D:2      | Reached XP level 3. HP: 17/19 MP: 7/10
  1820 | D:2      | Reached skill level 5 in Summonings
  1824 | D:2      | Learned a level 3 spell: Call Canine Familiar
  1830 | D:2      | Learned a level 2 spell: Call Imp
  2548 | D:3      | Found a transporter.
  2552 | D:3      | Noticed ymhsbmbesitwf's ghost (amateur MfGl)
  2692 | D:3      | Noticed Terence
  2710 | D:3      | Killed Terence
  2711 | D:3      | Reached XP level 4. HP: 24/24 MP: 7/12
  3309 | D:3      | Found a transporter.
  3643 | D:3      | Reached skill level 6 in Summonings
  3725 | D:3      | Reached XP level 5. HP: 3/28 MP: 0/14
  4494 | D:4      | Reached skill level 5 in Spellcasting
  4546 | D:4      | Noticed Menkaure
  4581 | D:4      | Killed Menkaure
  4582 | D:4      | Reached skill level 7 in Summonings
  4582 | D:4      | Reached XP level 6. HP: 32/32 MP: 8/16
  4956 | D:4      | Found a staircase to the Ecumenical Temple.
  5269 | D:4      | Reached XP level 7. HP: 11/36 MP: 12/18
  5471 | Temple   | Entered the Ecumenical Temple
  5483 | Temple   | Became a worshipper of Yredelemnul the Dark
  5513 | D:5      | Entered Level 5 of the Dungeon
  5530 | D:5      | Reached skill level 8 in Summonings
  5617 | D:5      | Noticed Dowan
  5619 | D:5      | Noticed Duvessa
  6011 | D:5      | Found a glowing silver altar of Zin.
  6043 | D:5      | Found a radiant altar of Vehumet.
  6064 | D:5      | Learned a level 4 spell: Summon Lightning Spire
  6102 | D:5      | Killed Duvessa
  6105 | D:5      | Noticed Ijyb
  6113 | D:5      | Killed Ijyb
  6114 | D:5      | Reached skill level 9 in Summonings
  6115 | D:5      | Killed Dowan
  6841 | D:6      | Reached XP level 8. HP: 41/41 MP: 13/21
  6917 | D:6      | Reached * piety under Yredelemnul
  7293 | D:6      | Reached skill level 10 in Summonings
  7377 | D:6      | Reached ** piety under Yredelemnul
  7885 | D:6      | Found an ornate altar of the Wu Jian Council.
  8208 | D:6      | Found a runed translucent door.
  8209 | D:6      | Noticed Crazy Yiuf
  8226 | D:6      | Killed Crazy Yiuf
  8335 | D:7      | Reached skill level 11 in Summonings
  8338 | D:7      | Reached XP level 9. HP: 45/45 MP: 15/24
  8345 | D:7      | Found an iron altar of Okawaru.
  8371 | D:7      | Found Liluburch's Jewellery Shop.
  8594 | D:7      | Found a flagged portal.
  8604 | D:7      | Reached *** piety under Yredelemnul
  8625 | Bailey   | Entered a bailey
  8850 | Bailey   | Reached skill level 10 in Spellcasting
  8850 | Bailey   | Reached skill level 12 in Summonings
  9067 | Bailey   | Learned a level 3 spell: Summon Guardian Golem
  9071 | Bailey   | Learned a level 3 spell: Swiftness
  9156 | Bailey   | Noticed an orc knight
  9186 | Bailey   | Killed an orc knight
  9427 | Bailey   | Noticed an orc warlord
  9488 | Bailey   | Identified the +4 plate armour "Qonemiv" {rC+ Str+3 Stlth-}
  9503 | Bailey   | Learned a level 2 spell: Passwall
  9580 | Bailey   | HP: 1/45 [orc warlord/+5 battleaxe (21)]
  9581 | Bailey   | Demolished by an orc warlord

Illustrated notes

Levels and vault maps discovered:
D:1:      lightli_arrival_chessboard, layout_basic,
          ebering_ecumenical_altar_webs, serial_shops, shop
D:2:      layout_rooms, basic_altar, serial_bayou, serial_bayou_shore_b,
          serial_bayou_pond_d, serial_bayou_ford_a, serial_bayou_shore_a,
          serial_bayou_pond_c
D:3:      layout_basic, gammafunk_ghost_mausoleum, uniq_terence
D:4:      layout_loops_ring, minmay_temple_entry_junction, serial_aquarium,
          aquarium_bridge_straight [aquarium_subvault_bridge,
          aquarium_subvault_window, aquarium_subvault_bridge,
          aquarium_subvault_wall], aquarium_window_1, aquarium_window_corner,
          aquarium_view_2c, aquarium_view_2b, uniq_menkaure
D:5:      layout_basic, mainiacjoe_overflow_surrounded_room,
          mainiacjoe_overflow_catwalk, serial_bayou_pond_a, minivault_14,
          uniq_ijyb, uniq_duvessa
D:6:      layout_loops_ring, mainiacjoe_overflow_alcove_1,
          minmay_misc_feat_columns, uniq_crazy_yiuf_cottage
D:7:      layout_basic, old_standard_altar, serial_shops, shop, enter_bailey_3
Temple:   nicolae_temple_x_marks_the_god
Bailey:   bailey_axe_minmay_hex_keep, bailey

Skill      XL: |  1  2  3  4  5  6  7  8  9 |
---------------+----------------------------+-----
Summonings     | 5 6 7 9 11 12 | 12.8
Spellcasting   | 4 5 6 7 9 10 | 10.7
Dodging        | 4 |  4.2
Stealth        | |  2.7

Action                   |  1- 3 |  4- 6 |  7- 9 || total
-------------------------+-------+-------+-------++-------
Melee: Unarmed           |     9 |       |       ||     9
       Short sword       |    12 |       |       ||    12
       Trident           |    40 |    95 |    71 ||   206
       Punch             |     1 |     1 |       ||     2
       Quarterstaff      |       |       |    20 ||    20
 Cast: Summon Small Mamm |    40 |    22 |    62 ||   124
       Call Canine Famil |     5 |    14 |    35 ||    54
       Call Imp          |     2 |     4 |    15 ||    21
       Summon Lightning  |       |       |    17 ||    17
       Swiftness         |       |       |     1 ||     1
Evoke: Wand              |       |       |     1 ||     1
  Use: Scroll            |       |     1 |     8 ||     9
       Potion            |       |       |     3 ||     3
 Stab: Sleeping          |     1 |     5 |     3 ||     9
       Distracted        |     1 |       |     1 ||     2
Armor: Robe              |    17 |    25 |    25 ||    67
Dodge: Dodged            |    50 |    77 |    75 ||   202
